 Dungeon Crawl Stone Soup version 0.27-a0-1591-gc56fcc985a (webtiles) character file.

Game seed: 2749805053267252850

9 tilp the Caller (level 2, -3/22 HPs)
             Began as a Barachi Summoner on July 19, 2021.
             Killed from afar by a dart slug (4 damage)
             ... with a slug dart
             ... on level 1 of the Dungeon.
             The game lasted 00:03:43 (733 turns).

tilp the Caller (Barachi Summoner)                   Turns: 733, Time: 00:03:44

Health: -3/22      AC:  2    Str:  9    XL:     2   Next: 12%
Magic:  0/5        EV: 12    Int: 15    God:
Gold:   7          SH:  0    Dex: 12    Spells: 4/5 levels left

rFire    . . .     SeeInvis .   a - +0 dagger
rCold    . . .     Faith    .   (no shield)
rNeg     . . .     Spirit   .   b - +0 robe
rPois    .         Reflect  .   (no helmet)
rElec    .         Harm     .   (no cloak)
rCorr    .         Rampage  .   (no gloves)
Will     .....                  (no boots)
Stlth    ++........             (no amulet)
HPRegen  0.07/turn              (no ring)
MPRegen  0.09/turn              (no ring)

@: unable to hop, slow
A: amphibious, slowness 1, strong legs 1, +LOS
a: Hop


You were on level 1 of the Dungeon.
You visited 1 branch of the dungeon, and saw 1 of its levels.

You collected 7 gold pieces.

Inventory:

Hand Weapons
 a - a +0 dagger (weapon)
Missiles
 c - 3 poisoned darts
Armour
 b - a +0 robe (worn)


   Skills:
 - Level 2.0 Fighting
 - Level 2.1 Dodging
 - Level 1.7 Stealth
 + Level 2.2 Spellcasting
 + Level 4.8 Summonings


You had 4 spell levels left.
You knew the following spells:

 Your Spells              Type           Power      Damage    Failure   Level
a - Summon Small Mammal   Summ           64%        N/A       3%          1

Your spell library contained the following spells:

 Spells                   Type           Power      Damage    Failure   Level
 Call Imp                 Summ           16%        N/A       4%          2
 Call Canine Familiar     Summ           16%        N/A       9%          3
 Summon Guardian Golem    Hex/Summ       9%         N/A       24%         3
 Summon Lightning Spire   Summ/Air       9%         N/A       61%         4


Dungeon Overview and Level Annotations

Branches:
Dungeon (1/15)

Altars:

Annotations:
D:1 nasty dig vault


Innate Abilities, Weirdness & Mutations

You are amphibious.
You cover ground slowly.
You can hop short distances.
You have an extended range of vision and can be seen from far away.


Message History

Your quokka disappears in a puff of smoke!
The felid claws you.
* * * LOW HITPOINT WARNING * * *
Unknown command.
Casting: Summon Small Mammal (safe; 3% risk of failure)
Confirm with . or Enter, or press ? or * to list all spells.
Your quokka closely misses the felid.
The felid misses you.
Unknown command.
Your quokka misses the felid.
Your quokka closely misses the felid.
A dart slug comes into view.
The dart slug launches a dart at you. The slug dart hits you.
* * * LOW HITPOINT WARNING * * *
The felid barely misses you.
Unknown command.
You swap places.
Something claws your quokka.
Unknown command.
Your quokka bites the felid.
The felid barely misses your quokka.
Unknown command.
Throw: 4 darts (poison)
Press: ? - help, Shift-Dir - straight line, f/p - felid
Aim: a felid (heavily wounded, ally target, 26% to hit)
You throw a poisoned dart. The poisoned dart misses the felid.
Unknown command.
Your quokka closely misses the felid.
Your quokka misses the felid.
Unknown command.
You aren't carrying any potions.
Unknown command.
Your quokka misses the felid. The felid barely misses you.
Unknown command.
Casting: Summon Small Mammal (safe; 3% risk of failure)
Confirm with . or Enter, or press ? or * to list all spells.
Your quokka barely misses the felid. x2; Your quokka misses the felid.
The felid claws you but does no damage.
Unknown command.
Your quokka bites the felid.
Your quokka closely misses the felid.
Your quokka bites the dart slug.
The dart slug launches a dart at you. The slug dart hits you.
You die...

.......##.......#.....#..........
#..#...?...b...#.≈X≈.#...)......
................#.≈≈≈.#.<........
.#..............#.≈≈≈.#..........
##.............#.....#..........
#.............#######..........
#......(..............###...###
#.........))..........# #.#....
##............@h.r..>.# ..###.
#................r.#.#.#.#.#
.....####..................[#
.b... #...#..wr..#.......## ....
#.#.......#.......... ..
#.##.......#.....(.#. #.
###........>.....# #.
.......#.......##
.###.............#


You could see a felid (ally target), a dart slug (ally target), a bat, a neutral
kraken (wandering) and 3 friendly quokkas.

Vanquished Creatures
  A jackal (D:1)
1 creature vanquished.

Vanquished Creatures (collateral kills)
  A dart slug (D:1)
  A goblin (D:1)
  A jackal (D:1)
  3 kobolds (D:1)
  3 ball pythons (D:1)
  A rat (D:1)
10 creatures vanquished.

Vanquished Creatures (others)
  A ghoul (D:1)
  An elf (D:1)
  2 merfolk (D:1)
  A demonspawn (D:1)
  A demigod (D:1)
  A tengu (D:1)
  A felid (D:1)
  2 barachim (D:1)
  A mummy (D:1)
  A kobold (D:1)
  6 tentacles (D:1)
18 creatures vanquished.

Grand Total: 29 creatures vanquished

Notes
Turn   | Place    | Note
-------+----------+-------------------------------------------
     0 | D:1      | tilp the Barachi Summoner began the quest for the Orb.
     0 | D:1      | Reached XP level 1. HP: 13/13 MP: 3/3
     0 | D:1      | Noticed a tengu
     0 | D:1      | Noticed a merfolk
     0 | D:1      | Noticed a barachi
     0 | D:1      | Noticed an elf
     0 | D:1      | Noticed a kraken
     0 | D:1      | Noticed a merfolk
     0 | D:1      | Noticed a ghoul
     0 | D:1      | Noticed a felid
     0 | D:1      | Noticed a demonspawn
     0 | D:1      | Noticed a demigod
     0 | D:1      | Noticed a barachi
     2 | D:1      | Killed a barachi
     4 | D:1      | Killed a tengu
     5 | D:1      | Killed a merfolk
     5 | D:1      | Killed a felid
     6 | D:1      | Killed a demonspawn
     6 | D:1      | Killed a demigod
     7 | D:1      | Killed a barachi
    10 | D:1      | Killed an elf
    11 | D:1      | Killed a merfolk
    13 | D:1      | Killed a ghoul
   136 | D:1      | Reached skill level 1 in Fighting
   666 | D:1      | Reached XP level 2. HP: 21/22 MP: 0/5
   687 | D:1      | Noticed a felid
   726 | D:1      | HP: 1/22 [dart slug/slug dart (2)]
   733 | D:1      | Killed from afar by a dart slug

Illustrated notes

Levels and vault maps discovered:
D:1:      nicolae_arrival_kraken_aquarium_a, layout_rooms, serial_bayou_pond_e,
          minmay_liquid_box, minivault_19, minivault_23,
          chequers_serial_rivers_large_b, serial_park_tiny_2, amethyst_killhole,
          st_stairs_4

Skill      XL: |  1  2 |
---------------+-------+-----
Fighting       | 1 2 |  2.0
Dodging        | |  2.1
Stealth        | |  1.7
Spellcasting   | |  2.2
Summonings     | |  4.8

Action                   || total
-------------------------++-------
Melee: Unarmed           ||     9
       Dagger            ||     9
Throw: Dart              ||     3
 Cast: Summon Small Mamm ||    29
 Abil: Hop               ||     3
Armor: Robe              ||     8
Dodge: Dodged            ||    27

Table legend: (Time is in decaauts)
 A = Elapsed time spent in this place.
 B = Non-inter-level travel time spent in this place.
 C = Inter-level travel time spent in this place.
 D = Time resting spent in this place.
 E = Time spent auto-exploring this place.
 F = Levels seen in this place.
 G = Mean time per level.
                   A        B        C        D        E       F      G
               +--------+--------+--------+--------+--------+-----+--------+
         Total |    768 |    768 |      0 |    349 |    221 |   1 |  768.0 |
       Dungeon |    768 |    768 |      0 |    349 |    221 |   1 |  768.0 |
               +--------+--------+--------+--------+--------+-----+--------+

Top non-repeatable levels by time:
     D:1: 768 daAuts
